 Dungeon Crawl Stone Soup version 0.32-a0-699-g1ee5eff69a (webtiles) character file.

Game seed: 1031498547993875737

3110 BubbleThief the Covert (level 10, -4/57 HPs)
             Began as a Kobold Brigand on Mar 13, 2024.
             Killed from afar by Jigsaw's ghost (18 damage)
             ... with a stone arrow
             ... on level 6 of the Dungeon.
             The game lasted 00:10:36 (6729 turns).

BubbleThief the Covert (Kobold Brigand)             Turns: 6729, Time: 00:10:36

Health: -4/57      AC:  5    Str:  8    XL:     10   Next: 13%
Magic:  4/10       EV: 15    Int: 17    God:
Gold:   339        SH:  0    Dex: 19    Spells: 9/9 levels left

rFire   + . .        j - +2 dagger (drain)
rCold   + . .        (no shield)
rNeg    + . .        q - +2 robe {rC+ rF+}
rPois   .            (no helmet)
rElec   .            c - +0 cloak
rCorr   .            (no gloves)
SInv    .            (no boots)
Will    .....        (no amulet)
Stlth   +++++++      b - ring of flight
HPRegen 1.09/turn    x - ring of positive energy
MPRegen 0.12/turn

%: no passive effects
@: flying
A: small, no large weapons, nightstalker 3, clever 1, regeneration 1, MP-powered
wands
a: no special abilities


You were on level 6 of the Dungeon.
You visited 1 branch of the dungeon, and saw 6 of its levels.
You also visited: Ossuary.

You collected 339 gold pieces.

Inventory:

Hand Weapons
 j - a +2 dagger of draining (weapon)
Missiles
 d - 17 poisoned darts (quivered)
 e - 3 curare-tipped darts
 u - a throwing net
Armour
 c - a +0 cloak (worn)
 q - a +2 robe of resistance (worn)
Jewellery
 b - a ring of flight (left hand)
 x - a ring of positive energy (right hand)
Wands
 t - a wand of acid (8)
 w - a wand of iceblast (3)
Scrolls
 a - a scroll of vulnerability {unknown}
 g - 2 scrolls of enchant armour {unknown}
 k - 3 scrolls of identify
 n - 2 scrolls of revelation
 o - 3 scrolls of brand weapon {unknown}
 s - 3 scrolls of teleportation
 v - a scroll of amnesia
Potions
 f - a potion of lignification {unknown}
 h - 3 potions of cancellation
 i - a potion of invisibility
 l - 2 potions of brilliance {unknown}
 m - 2 potions of haste {unknown}
 p - a potion of curing {unknown}
 r - a potion of mutation
 z - a potion of enlightenment {unknown}


   Skills:
 + Level 4.3 Fighting
 + Level 11.7 Short Blades
 - Level 2.1 Throwing
 + Level 4.1 Dodging
 + Level 13.4 Stealth
 + Level 1.9 Evocations


You had 9 spell levels left.
You didn't know any spells.
Your spell library contained the following spells:

 Spells                   Type           Power      Damage    Failure   Level
 Slow                     Hex            0%         N/A       24%         1
 Confusing Touch          Hex            0%         N/A       56%         3
 Summon Ice Beast         Ice/Summ       0%         N/A       56%         3
 Tukima's Dance           Hex            0%         N/A       56%         3
 Vampiric Draining        Necr           0%         2d6       56%         3
 Passage of Golubria      Tloc           0%         N/A       93%         4
 Summon Mana Viper        Hex/Summ       0%         N/A       100%        5
 Yara's Violent Unravell  Hex/Alch       0%         3d3       100%        5
 Sculpt Simulacrum        Ice/Alch       0%         N/A       100%        6
 Monstrous Menagerie      Summ           0%         N/A       100%        7
 Ozocubu's Refrigeration  Ice            0%         4d7       100%        7
 Polar Vortex             Ice            0%         N/A       100%        9


Dungeon Overview and Level Annotations

Branches:
Dungeon (6/15)            Ossuary (visited)
 Temple: D:4-7

Altars:
Gozag
The Shining One

Shops:
D:5 (

Annotations:
D:6 Jigsaw's ghost, novice GnRe


Innate Abilities, Weirdness & Mutations

You are small and have problems with some larger weapons.
You are completely attuned to the shadows.
Your mind is acute. (Int +4, Str/Dex -1)
Your natural rate of healing is unusually fast.
You expend magic power (3 MP) to strengthen your wands.


Message History

Something hits you.
Deactivating autopickup; reactivate with Ctrl-A.
There is an open translucent gate here.
Something hits you. Something hits you! Something hits you.
The wyvern misses you. The wyvern attacks as it pursues you!
The wyvern bites you but does no damage.
The wyvern attacks as it pursues you! The wyvern bites you!
The wyvern barely misses you. Something hits you. x3
Aiming: Corrosive Bolt
Press: ? - help, Shift-Dir - straight line, f - wyvern
Aim: a wyvern (74% to hit)
You feel a surge of power!
The bolt of acid hits something!
The acid corrodes something!
The bolt of acid hits the wyvern!
The acid corrodes the wyvern!
The wyvern is heavily wounded.
The bolt of acid hits Jigsaw's ghost!
Jigsaw's ghost is lightly damaged.
Something barely misses you. Something hits you.
Unknown command.
Unknown command.
Aiming: Iceblast
Press: ? - help, Shift-Dir - straight line, f/p - wyvern
Aim: a wyvern (heavily wounded, covered in acid)
You feel a surge of power!
The mass of ice explodes!
The iceblast engulfs something!
The iceblast engulfs you! You partially resist.
* * * LOW HITPOINT WARNING * * *
The iceblast engulfs the wyvern!!
You kill the wyvern!
Something hits you.
* * * LOW HITPOINT WARNING * * *
Your Dodging skill increases to level 4!
Unknown command.
Unknown command.
Unknown command.
Jigsaw's ghost gestures at you while chanting.
The stone arrow hits you!!
You die...

###.## #.##.############## ###.#
#.##.# ....# #.##.# ##### #.##.#
######### #.##.# #..##∩ß.#
#.##.# #..#?$... ##### #.##.#
###..'.$.$ß ....#########.##.#
#....'._ß.∩
.....##.........@###o#..'o.$$ß
......#.#####......W†...#..$..
.#.....#..........####..##∩ß∩###
.#....#.#####.##### ##..#####.#
.#)..##.# #.# #..# ###.#
.#.)###.## #.# #..###.#.# .####
#..# #.# ######..##....# ..#
##.# #.# #.......#.....# #.# #.#
#.# #.#####.##...##


You could see Jigsaw's ghost.

Vanquished Creatures
  Sigmund (D:4)
  2 wyverns
  2 steam dragons
  A water moccasin (D:5)
  A black bear (D:5)
  An ogre (D:3)
  A centaur (D:5)
  A phantom (D:6)
  A kobold brigand (D:6)
  5 elf zombies (Ossuary)
  2 bullfrogs
  2 scorpions (D:5)
  A wight (D:5)
  A killer bee (D:5)
  2 howler monkeys
  2 bombardier beetles
  2 jellies
  3 hounds
  3 centaur zombies (Ossuary)
  2 gnoll boudas (D:5)
  2 orc priests
  4 iguanas
  3 orc wizards
  9 hound zombies (Ossuary)
  2 mummies (Ossuary)
  Robin (D:2)
  13 adders
  5 gnolls (D:5)
  3 white imps (D:5)
  2 ufetubi (D:6)
  5 adder zombies (Ossuary)
  2 ribbon worms
  2 dart slugs
  13 orcs
  11 ball pythons
  6 bats
  6 endoplasms
  5 giant cockroaches
  17 goblins
  6 hobgoblins
  A jackal (D:2)
  2 quokkas
  6 frilled lizards
  5 gnoll zombies (Ossuary)
  2 jackal zombies (Ossuary)
  9 kobolds
  3 kobold zombies (Ossuary)
  5 orc zombies (Ossuary)
  5 rats
191 creatures vanquished.

Notes
Turn   | Place    | Note
-------+----------+-------------------------------------------
     0 | D:1      | BubbleThief the Kobold Brigand began the quest for the Orb.
     0 | D:1      | Reached XP level 1. HP: 12/12 MP: 1/1
   145 | D:1      | Reached XP level 2. HP: 17/17 MP: 2/2
   591 | D:1      | Reached skill level 6 in Stealth
   591 | D:1      | Reached XP level 3. HP: 21/21 MP: 3/3
   796 | D:2      | Noticed Robin
   816 | D:2      | Killed Robin
   869 | D:2      | Reached XP level 4. HP: 22/24 MP: 4/4
  1179 | D:2      | Found a faded altar of an unknown god.
  1566 | D:2      | Reached XP level 5. HP: 30/30 MP: 5/5
  1668 | D:2      | Reached skill level 7 in Stealth
  1954 | D:3      | Found a glowing golden altar of the Shining One.
  2017 | D:3      | Noticed an ogre
  2021 | D:3      | Killed an ogre
  2022 | D:3      | Reached skill level 5 in Short Blades
  2022 | D:3      | Reached XP level 6. HP: 35/35 MP: 6/6
  2590 | D:4      | Noticed Sigmund
  2592 | D:4      | Killed Sigmund
  2593 | D:4      | Reached skill level 8 in Stealth
  2593 | D:4      | Reached XP level 7. HP: 40/40 MP: 7/7
  2611 | D:4      | Noticed a steam dragon
  2632 | D:4      | Killed a steam dragon
  2633 | D:4      | Reached skill level 9 in Stealth
  3188 | D:4      | Reached XP level 8. HP: 17/44 MP: 8/8
  3404 | D:4      | Reached skill level 10 in Stealth
  3636 | D:5      | Entered Level 5 of the Dungeon
  3726 | D:5      | Found Soecw's Weapon Shoppe.
  3821 | D:5      | Found a sand-covered staircase.
  3826 | Ossuary  | Entered an ossuary
  4111 | Ossuary  | Reached skill level 11 in Stealth
  4198 | Ossuary  | Gained mutation: You expend magic power (3 MP) to
                  | strengthen your wands. [potion of mutation]
  4198 | Ossuary  | Gained mutation: Your mind is acute. (Int +4, Str/Dex -1)
                  | [potion of mutation]
  4198 | Ossuary  | Gained mutation: Your natural rate of healing is unusually
                  | fast. [potion of mutation]
  4305 | Ossuary  | Reached skill level 10 in Short Blades
  4305 | Ossuary  | Reached XP level 9. HP: 40/48 MP: 9/9
  4407 | D:5      | Reached skill level 12 in Stealth
  5417 | D:5      | Reached skill level 13 in Stealth
  5939 | D:6      | Found a runed translucent gate.
  5939 | D:6      | Found a runed translucent gate.
  5939 | D:6      | Found a runed translucent gate.
  5942 | D:6      | Found an opulent altar of Gozag.
  6219 | D:6      | Reached XP level 10. HP: 56/56 MP: 10/10
  6573 | D:6      | Reached skill level 1 in Evocations
  6718 | D:6      | Noticed Jigsaw's ghost (novice GnRe)
  6729 | D:6      | Killed from afar by Jigsaw's ghost

Illustrated notes

Levels and vault maps discovered:
D:1:      reono_arrival_forest_river, layout_loops_ring
D:2:      layout_basic, ebering_ecumenical_altar_petrified,
          minmay_split_cup_small, uniq_robin
D:3:      layout_loops_ring, tso_oasis_becter
D:4:      layout_loops_ring, uniq_sigmund
D:5:      cheibrodos_fzero, layout_layer_cave, enter_ossuary_2, serial_shops,
          nicolae_shop_crystal, nicolae_concentric_dashed_squares_mild
D:6:      minmay_general_purpose_star, layout_loops_ring, ebering_ghost_gozag

Skill      XL: |  1  2  3  4  5  6  7  8  9 10 |
---------------+-------------------------------+-----
Short Blades   | 3 4 5 6 8 10 11 | 11.7
Stealth        | 6 7 8 9 11 13 | 13.4
Dodging        | 3 4 |  4.1
Fighting       | 3 4 |  4.3
Evocations     | 1 |  1.9
Throwing       | |  2.1

Action                     |  1- 3 |  4- 6 |  7- 9 | 10-12 || total
---------------------------+-------+-------+-------+-------++-------
  Melee: Dagger            |    77 |    84 |   573 |    41 ||   775
  Evoke: Wand              |       |       |       |     2 ||     2
    Use: Scroll            |       |       |     6 |       ||     6
         Potion            |       |       |     2 |       ||     2
   Stab: Sleeping          |    17 |    21 |    30 |     3 ||    71
         Distracted        |     1 |       |     4 |       ||     5
         Invisible         |       |       |     7 |       ||     7
 Armour: Robe              |    23 |    27 |   204 |    33 ||   287
  Dodge: Dodged            |    22 |    30 |   281 |    15 ||   348

Table legend: (Time is in decaauts)
 A = Elapsed time spent in this place.
 B = Non-inter-level travel time spent in this place.
 C = Inter-level travel time spent in this place.
 D = Time resting spent in this place.
 E = Time spent auto-exploring this place.
 F = Levels seen in this place.
 G = Mean time per level.
                   A        B        C        D        E       F      G
               +--------+--------+--------+--------+--------+-----+--------+
         Total |   6421 |   6276 |    145 |    101 |   4799 |   7 |  917.3 |
       Dungeon |   5996 |   5851 |    145 |    101 |   4684 |   6 |  999.3 |
       Ossuary |    425 |    425 |      0 |      0 |    115 |   1 |  425.0 |
               +--------+--------+--------+--------+--------+-----+--------+

Top non-repeatable levels by time:
     D:5: 1531 daAuts
     D:2: 1062 daAuts
     D:4: 937 daAuts
     D:6: 878 daAuts
     D:3: 804 daAuts
     D:1: 782 daAuts
 Ossuary: 425 daAuts
